 Dungeon Crawl Stone Soup version 0.24-a0-537-g2d01d4ab0a (webtiles) character file.

Game seed: 7056334913663391788

19 Chiseanne the Magician (level 2, 19/19 HPs)
             Began as a Demonspawn Wizard on Aug 14, 2019.
             Quit the game on level 2 of the Dungeon.
             The game lasted 00:02:26 (877 turns).

Chiseanne the Magician (Demonspawn Wizard)           Turns: 877, Time: 00:02:27

Health: 19/19      AC:  2    Str:  7    XL:     2   Next: 55%
Magic:  5/6        EV: 12    Int: 19    God:
Gold:   54         SH:  0    Dex: 11    Spells: 6/7 levels left

rFire    . . .     SeeInvis .   l - +0 short sword
rCold    . . .     Gourm    .   (no shield)
rNeg     . . .     Faith    .   a - +0 robe
rPois    .         Spirit   .   b - +0 hat
rElec    .         Reflect  .   (no cloak)
rCorr    .         Harm     .   (no gloves)
MR       .....                  (no boots)
Stlth    ++........             (no amulet)
HPRegen  0.06/turn              (no ring)
MPRegen  0.10/turn              (no ring)

@: no status effects
A: antennae 1
a: no special abilities


You were on level 2 of the Dungeon.
You were not hungry.

You visited 1 branch of the dungeon, and saw 2 of its levels.

You collected 54 gold pieces.

Inventory:

Hand Weapons
 l - a +0 short sword (weapon)
Missiles
 f - 35 arrows
 h - 6 atropa-tipped darts (quivered)
 i - 43 stones
Armour
 a - a +0 robe (worn)
 b - a +0 hat (worn)
Scrolls
 g - a scroll of identify
 j - a scroll of fear {unknown}
Potions
 k - a potion of cancellation {unknown}
Comestibles
 d - 3 rations


   Skills:
 - Level 1.7 Dodging
 - Level 1.7 Stealth
 * Level 3.4 Spellcasting
 * Level 1.9 Conjurations
   Level 1.0 Summonings
   Level 0.8 Translocations


You had 6 spell levels left.
You knew the following spells:

 Your Spells              Type           Power        Failure   Level  Hunger
a - Magic Dart            Conj           ##..         6%          1    None

Your spell library contained the following spells:

 Spells                   Type           Power        Failure   Level  Hunger
 Call Imp                 Summ           #.......     14%         2    ##.....
 Blink                    Tloc           N/A          16%         2    ##.....
 Slow                     Hex            #.......     22%         2    ##.....
 Conjure Flame            Conj/Fire      #.......     28%         3    ###....
 Mephitic Cloud           Conj/Pois/Air  #.......     32%         3    ###....


Dungeon Overview and Level Annotations

Branches:
Dungeon (2/15)

Altars:


Innate Abilities, Weirdness & Mutations

You have a pair of small antennae on your head.


Message History

There is a stone staircase leading down here.
You climb downwards.
There is a stone staircase leading up here.
A frilled lizard comes into view.
Casting: Magic Dart (safe; 7% risk of failure)
Confirm with . or Enter, or press ? or * to list all spells.
Aiming: Magic Dart (safe; 7% risk of failure)
Press: ? - help, Shift-Dir - straight line, f - frilled lizard
Aim: a frilled lizard The magic dart hits the frilled lizard.
You kill the frilled lizard!
Casting: Magic Dart (safe; 6% risk of failure)
Confirm with . or Enter, or press ? or * to list all spells.
Aiming: Magic Dart (safe; 6% risk of failure)
Press: ? - help, Shift-Dir - straight line, f - you That beam is likely to hit you.
Continue anyway? [Y]es or [N]o only, please.
That beam is likely to hit you.
Continue anyway?
Okay, then.
Are you sure you want to abandon this character and quit the game? (Confirm with "yes".)

.........
..........
#........##
#.........#
..........#
..>.......##
...........####.
........@.......
.......<..###..#
#........##
##......##
####.... ..##.
..# .# .## ## #.


There were no monsters in sight!

Vanquished Creatures
  2 leopard geckos (D:1)
  A bat (D:1)
  2 goblins (D:1)
  3 hobgoblins (D:1)
  4 frilled lizards
  2 kobolds (D:1)
  5 rats (D:1)
19 creatures vanquished.

Notes
Turn   | Place    | Note
-------+----------+-------------------------------------------
     0 | D:1      | Chiseanne the Demonspawn Wizard began the quest for the
                  | Orb.
     0 | D:1      | Reached XP level 1. HP: 13/13 MP: 4/4
   316 | D:1      | Gained mutation: You have a pair of small antennae on your
                  | head. [demonic ancestry]
   316 | D:1      | Reached XP level 2. HP: 19/19 MP: 0/6
   877 | D:2      | Quit the game

Levels and vault maps discovered:
D:1:      dpeg_arrival_tiny_c, layout_basic, st_stairs_11
D:2:      layout_rooms, chequers_serial_rivers_small_a, bh_walls_and_bars

Action                   || total
-------------------------++-------
Melee: Dagger            ||     3
 Cast: Magic Dart        ||    37
  Use: Scroll            ||     1
Armor: Robe              ||     5
Dodge: Dodged            ||     8

Table legend:
 A = Non-vault XP
 B = Vault XP
 C = Vault XP percentage of total XP
 D = Non-vault monster count
 E = Vault monster count
 F = Vault count percentage of total count
                 A         B        C        D         E       F
            +---------+---------+-------+---------+---------+-------
      Total |      21 |       7 |  25.0 |      15 |       4 |  21.1
            +---------+---------+-------+---------+---------+-------
        D:1 |      20 |       7 |  25.9 |      14 |       4 |  22.2
        D:2 |       1 |       0 |   0.0 |       1 |       0 |   0.0
            +---------+---------+-------+---------+---------+-------
